 Dungeon Crawl Stone Soup version 0.27-a0-103-g6cd7b45605 (webtiles) character file.

Game seed: 11107924302005350811

541 knot the Chopper (level 7, 45/52 HPs)
             Began as a Demonspawn Berserker on Jan 23, 2021.
             Was a Priest of Trog.
             Quit the game on level 4 of the Dungeon.
             The game lasted 00:02:40 (3158 turns).

knot the Chopper (Demonspawn Berserker)             Turns: 3158, Time: 00:02:41

Health: 45/52      AC:  6    Str: 17    XL:     7   Next: 5%
Magic:  5/7        EV: 12    Int: 11    God:    Trog [***...]
Gold:   197        SH:  0    Dex: 12    Spells: 6/6 levels left

rFire    . . .     SeeInvis .   a - +0 hand axe
rCold    . . .     Faith    .   (no shield)
rNeg     . . .     Spirit   +   r - +0 leather armour {Will+}
rPois    .         Reflect  .   (no helmet)
rElec    .         Harm     .   (no cloak)
rCorr    .         Rampage  .   (no gloves)
Will     +....                  (no boots)
Stlth    +.........             (no amulet)
HPRegen  0.17/turn              (no ring)
MPRegen  0.10/turn              (no ring)

@: no status effects
A: talons 1, magic shield, sharp scales 3
a: Renounce Religion, Berserk, Trog's Hand


You were on level 4 of the Dungeon.
You worshipped Trog.
Trog was most pleased with you.
You visited 1 branch of the dungeon, and saw 4 of its levels.

You collected 197 gold pieces.

Inventory:

Hand Weapons
 a - a +0 hand axe (weapon)
Missiles
 f - 141 stones
 k - 6 poisoned darts
 o - 18 sling bullets
Armour
 r - a +0 leather armour of willpower (worn)
Scrolls
 d - 4 scrolls of fog {unknown}
 e - 2 scrolls of blinking {unknown}
 i - 4 scrolls of identify {unknown}
 l - 2 scrolls of remove curse {unknown}
 q - 2 scrolls of enchant weapon {unknown}
Potions
 c - 3 potions of degeneration {unknown}
 g - a potion of attraction {unknown}
 h - 2 potions of invisibility {unknown}
 j - a potion of magic {unknown}
 m - a potion of might {unknown}
 n - a potion of haste {unknown}
 p - 4 potions of curing {unknown}


   Skills:
 - Level 3.0 Fighting
 + Level 7.4 Axes
 - Level 1.7 Armour
 - Level 1.7 Dodging


You had 6 spell levels left.
You didn't know any spells.
Your spell library was empty.

Dungeon Overview and Level Annotations

Branches:
Dungeon (4/15)
 Temple: D:4-7

Altars:


Innate Abilities, Weirdness & Mutations

You have sharp toenails.
When hurt, damage is shared between your health and your magic reserves.
You are completely covered in razor-sharp scales. (AC +3, Slay +3)


Message History

The orc is almost dead.
You hit the centaur skeleton. The centaur skeleton barely misses you.
The orc closely misses you.
You closely miss the orc.
The orc is almost dead.
You hit the centaur skeleton. The centaur skeleton misses you.
You closely miss the orc.
The orc is almost dead.
You hit the centaur skeleton. The centaur skeleton hits you.
The orc hits you with a +0 flail.
You slash the orc!
You kill the orc!
Trog accepts your kill.
You hit the centaur skeleton.
You destroy the centaur skeleton!
Trog accepts your kill.
You have reached level 7!
Your demonic ancestry asserts itself...
Your toenails lengthen and sharpen.
Are you sure you want to abandon this character and quit the game? (Confirm with "yes".)

.... ##.####..##......#
.. ##..###.........## .
#....####.......#. .. #
###...###..........
...#...........#......##
.....####..<...#......##
.............####.......
......[)..##..## #...###
#....)@..###..# ...# #
##...†##.....## ..## #
#.#.# ##..### . #. ##
#.## .... ....?.
#....... #........
..........


There were no monsters in sight!

Vanquished Creatures
  Sigmund (D:2)
  A phantom (D:4)
  3 centaur skeletons
  A hound skeleton (D:3)
  A worker ant zombie (D:3)
  A howler monkey skeleton (D:3)
  7 adders
  2 oozes
  3 adder skeletons (D:3)
  An adder zombie (D:3)
  3 worms
  A dart slug (D:2)
  2 leopard geckos (D:1)
  5 orcs (D:4)
  7 giant cockroaches
  5 goblins
  10 hobgoblins
  9 jackals
  3 ball pythons
  6 bats
  4 frilled lizards
  A giant cockroach zombie (D:3)
  10 kobolds
  A quokka skeleton (D:3)
  3 rats (D:1)
91 creatures vanquished.

Notes
Turn   | Place    | Note
-------+----------+-------------------------------------------
     0 | D:1      | knot the Demonspawn Berserker began the quest for the Orb.
     0 | D:1      | Reached XP level 1. HP: 18/18 MP: 1/1
    26 | D:1      | Reached skill level 3 in Axes
   377 | D:1      | Gained mutation: When hurt, damage is shared between your
                  | health and your magic reserves. [demonic ancestry]
   377 | D:1      | Reached XP level 2. HP: 14/24 MP: 2/2
  1084 | D:1      | Gained mutation: You are partially covered in razor-sharp
                  | scales. (AC +1, Slay +1) [demonic ancestry]
  1084 | D:1      | Reached XP level 3. HP: 29/29 MP: 3/3
  1361 | D:2      | Noticed Sigmund
  1369 | D:2      | Reached skill level 4 in Axes
  1369 | D:2      | Reached ** piety under Trog
  1373 | D:2      | Killed Sigmund
  1374 | D:2      | Reached skill level 5 in Axes
  1374 | D:2      | Gained mutation: You are mostly covered in razor-sharp
                  | scales. (AC +2, Slay +2) [demonic ancestry]
  1374 | D:2      | Reached XP level 4. HP: 35/35 MP: 4/4
  1374 | D:2      | Gained mutation: You are completely covered in razor-sharp
                  | scales. (AC +3, Slay +3) [demonic ancestry]
  1374 | D:2      | Reached XP level 5. HP: 41/41 MP: 5/5
  1824 | D:2      | Reached skill level 6 in Axes
  1848 | D:2      | You fall into a shaft and drop 1 floor!
  2041 | D:3      | Reached XP level 6. HP: 44/47 MP: 6/6
  2322 | D:2      | Reached *** piety under Trog
  2847 | D:4      | Reached skill level 7 in Axes
  3158 | D:4      | Gained mutation: You have sharp toenails. [demonic
                  | ancestry]
  3158 | D:4      | Reached XP level 7. HP: 45/52 MP: 5/7
  3158 | D:4      | Quit the game

Illustrated notes

Levels and vault maps discovered:
D:1:      minmay_arrival_open_corners, layout_basic
D:2:      layout_rooms, uniq_sigmund
D:3:      layout_rooms, serial_undead, serial_undead_f, serial_undead_e,
          serial_undead_d, serial_undead_d, serial_undead_b, serial_undead_e,
          serial_undead_c, serial_undead_f
D:4:      layout_cave_pools, serial_shops, nicolae_shop_window_shopping,
          nicolae_shop_trees, shop, nicolae_shop_crystal, wad_orctagon

Skill      XL: |  1  2  3  4  5  6 |
---------------+-------------------+-----
Axes           | 3 5 6 7 |  7.4
Fighting       | |  3.0
Armour         | |  1.7
Dodging        | |  1.7

Action                   |  1- 3 |  4- 6 |  7- 9 || total
-------------------------+-------+-------+-------++-------
Melee: Hand axe          |    65 |   181 |       ||   246
Invok: Berserk           |     4 |     2 |       ||     6
 Stab: Sleeping          |     1 |       |       ||     1
Armor: Animal skin       |    12 |    47 |       ||    59
       Leather armour    |       |    12 |       ||    12
Dodge: Dodged            |    43 |   114 |       ||   157

Table legend: (Time is in decaauts)
 A = Elapsed time spent in this place.
 B = Non-inter-level travel time spent in this place.
 C = Inter-level travel time spent in this place.
 D = Time resting spent in this place.
 E = Time spent auto-exploring this place.
 F = Levels seen in this place.
 G = Mean time per level.
                   A        B        C        D        E       F      G
               +--------+--------+--------+--------+--------+-----+--------+
         Total |   3223 |   3124 |     99 |   1237 |   1402 |   4 |  805.8 |
       Dungeon |   3223 |   3124 |     99 |   1237 |   1402 |   4 |  805.8 |
               +--------+--------+--------+--------+--------+-----+--------+

Top non-repeatable levels by time:
     D:1: 1443 daAuts
     D:2: 788 daAuts
     D:3: 582 daAuts
     D:4: 407 daAuts
